 Dungeon Crawl Stone Soup version 0.19.5 (webtiles) character file.

18925 equalderp2856 the Gouger (level 12, -2/58 HPs)
             Began as a Felid Fighter on Mar 29, 2017.
             Killed by divine providence
             ... invoked by an orc priest
              (10 damage)
             ... on level 1 of the Orcish Mines on Mar 30, 2017.
             The game lasted 01:56:20 (44986 turns).

equalderp2856 the Gouger (Felid Fighter)           Turns: 44986, Time: 01:56:21

Health: -2/58      AC:  7    Str: 13    XL:     12   Next: 32%
Magic:  0/25       EV: 28    Int: 13    God:
Gold:   1487       SH:  0    Dex: 16    Spells: 3 memorised, 18 levels left
                                        Lives:  0   Deaths: 3

rFire  . . .     SeeInvis +       - Unarmed
rCold  + . .     Gourm    .     (armour unavailable)
rNeg   . . .     Faith    .     (shield unavailable)
rPois  .         Spirit   +     (helmet unavailable)
rElec  .         Reflect  .     (cloak unavailable)
rCorr  .         Harm     .     (gloves unavailable)
MR     +....                    (boots unavailable)
Stlth  ++++......               n - amulet of guardian spirit
                                W - +3 ring of evasion
                                o - +4 ring of protection

@: quick
A: no armour, no weapons or thrown items, stealth, claws 1, fangs 3, see
invisible, carnivore 3, speed 1, shaggy fur 3, slow metabolism 1, sharp paws
a: no special abilities


You were on level 1 of the Orcish Mines.
You were not hungry.

You visited 4 branches of the dungeon, and saw 21 of its levels.
You also visited: Sewer.

You collected 1487 gold pieces.

Inventory:

Jewellery
 n - an amulet of guardian spirit (around neck)
 o - a +4 ring of protection (left paw)
 J - a +3 ring of dexterity
 W - a +3 ring of evasion (right paw)
Wands
 t - a wand of confusion (5/48)
 x - a wand of random effects (25/48)
 F - a wand of teleportation (4/9)
 G - a wand of iceblast (4/15)
 L - a wand of lightning (7/15)
 N - a wand of enslavement (11/24)
 O - a wand of disintegration (18/24)
 P - a wand of polymorph (16/24)
 Y - a wand of digging (17/24)
 Z - a wand of paralysis (15/24)
Scrolls
 e - 7 scrolls of teleportation
 i - 2 scrolls of identify
 j - 8 scrolls of remove curse
 C - 3 scrolls of magic mapping
 E - 2 scrolls of amnesia
 U - 2 scrolls of fog
Potions
 a - 3 potions of might
 d - a potion of curing
 f - 2 potions of agility
 k - 2 potions of cure mutation
 l - 2 potions of degeneration
 q - a potion of flight
 w - 2 potions of heal wounds
 A - a potion of resistance {unknown}
 B - 5 potions of brilliance
 D - a potion of invisibility {unknown}
 K - 2 potions of berserk rage
 R - 2 potions of magic
 V - a potion of cancellation
Books
 h - a book of Necromancy

   Spells                             Type                      Level
   a - Pain                           Necromancy                   1
   b - Animate Skeleton               Necromancy                   1
   c - Vampiric Draining              Necromancy                   3
   d - Regeneration                   Charms/Necromancy            3
   e - Animate Dead                   Necromancy                   4
   f - Control Undead                 Necromancy                   4
 H - a book of Callings

   Spells                             Type                      Level
   a - Summon Small Mammal            Summoning                    1
   b - Call Imp                       Summoning                    2
   c - Call Canine Familiar           Summoning                    3
   d - Summon Guardian Golem          Hexes/Summoning              3
   e - Summon Lightning Spire         Summoning/Air                4
   f - Summon Ice Beast               Ice/Summoning                4
 I - a book of Frost

   Spells                             Type                      Level
   a - Freeze                         Ice                          1
   b - Throw Frost                    Conjuration/Ice              2
   c - Ozocubu's Armour               Charms/Ice                   3
   d - Throw Icicle                   Conjuration/Ice              4
   e - Summon Ice Beast               Ice/Summoning                4
 Q - a book of Party Tricks

   Spells                             Type                      Level
   a - Summon Butterflies             Summoning                    1
   b - Apportation                    Translocation                1
   c - Lesser Beckoning               Translocation                3
   d - Tukima's Dance                 Hexes                        3
   e - Alistair's Intoxication        Transmutation/Poison         5
   f - Invisibility                   Hexes                        6
 S - a book of Callings

   Spells                             Type                      Level
   a - Summon Small Mammal            Summoning                    1
   b - Call Imp                       Summoning                    2
   c - Call Canine Familiar           Summoning                    3
   d - Summon Guardian Golem          Hexes/Summoning              3
   e - Summon Lightning Spire         Summoning/Air                4
   f - Summon Ice Beast               Ice/Summoning                4
 X - a book of Callings

   Spells                             Type                      Level
   a - Summon Small Mammal            Summoning                    1
   b - Call Imp                       Summoning                    2
   c - Call Canine Familiar           Summoning                    3
   d - Summon Guardian Golem          Hexes/Summoning              3
   e - Summon Lightning Spire         Summoning/Air                4
   f - Summon Ice Beast               Ice/Summoning                4
Comestibles
 b - 10 meat rations
 m - a royal jelly
 u - 6 slices of pizza
 v - 7 beef jerkies


   Skills:
 + Level 9.7 Fighting
 + Level 9.2 Dodging
 + Level 7.2 Stealth
 + Level 12.2 Unarmed Combat
 + Level 8.6 Spellcasting
 + Level 8.8 Conjurations
 + Level 8.4 Summonings
 + Level 8.9 Ice Magic
 + Level 0.9 Evocations


You had 18 spell levels left.
You knew the following spells:

 Your Spells              Type           Power        Failure   Level  Hunger
a - Throw Frost           Conj/Ice       ####..       1%          2    None
b - Throw Icicle          Conj/Ice       ####....     3%          4    ####...
c - Summon Ice Beast      Ice/Summ       ####....     4%          4    ####...


Dungeon Overview and Level Annotations

Branches:
Dungeon (13/15)            Temple (1/1) D:5            Lair (5/6) D:11
  Swamp (0/4) Lair:2       Spider (0/4) Lair:3          Orc (2/2) D:12
  Slime: Lair:5-6       Elf: Orc:2       Vaults: D:13-14

Altars:
Ashenzari
Cheibriados
Dithmenos
Elyvilon
Fedhas
Gozag
Hepliaklqana
Kikubaaqudgha
Makhleb
Nemelex Xobeh
Okawaru
Qazlal
Ru
Sif Muna
Trog
Uskayaw
Vehumet
Xom
Yredelemnul
Zin
The Shining One
Beogh

Shops:
D:11 *   Orc:1 (

Annotations:
Lair:1 exclusions: 2 electric eels and 5 more exclusions
Lair:4 1 runed door, Nergalle, Rupert


Innate Abilities, Weirdness & Mutations

You cannot wear armour.
You are incapable of wielding weapons or throwing items.
Your paws allow you to move quietly. (Stealth)
You have sharp claws.
You have razor-sharp teeth.
You have supernaturally acute eyesight. (SInv)
You are carnivorous and can eat meat at any time.
You cover ground quickly.
Your thick and shaggy fur keeps you warm. (AC +3, rC+)
You have a slow metabolism.
Your sharp claws are effective at attacking unaware monsters.


Message History

The orc knight is severely wounded.
You barely miss the orc knight.
The orc knight is severely wounded.
The orc knight hits you with a great mace!
An orc comes into view.
An orc priest comes into view. It is wielding a flail.
An orc warrior comes into view. It is wielding a trident.
The orc warrior shouts!
The orc priest shouts!
You claw the orc!
You kill the orc!
The orc knight roars a battlecry!
The orc priest goes into a battle-frenzy!
The orc priest mumbles some strange prayers to Beogh against you.
Beogh smites you!
The orc warrior hits you from afar with a trident!
* * * LOW HITPOINT WARNING * * *
An orc comes into view.
The orc priest calls down the wrath of Beogh upon you.
Beogh smites you!
You die...

##### #...# ##.#.## ##..##
#.....#### #.).# ###...###.##
####...## ### ##.#........#
##.#.....###.# ...........## ###
#...#.#.###... .........###
##.###..#.........# .###..#...###
#...#...#........##
.####.....#.###.@......#......##
.##.........o.....##...........#
........#.....o...#........#..##
.....)[(...†#.##..........###.##
.........(.#.o#............#...#
.[).....)..[.[.............o..###
....#..##..[..................#.#
.#...#.....[....8..)......##.#...
#[............[_...........####.#


You could see an orc knight, an orc warrior and an orc priest.

Vanquished Creatures
  A tengu reaver (D:11)
  A stone giant (D:12)
  A yaktaur captain (D:12)
  Erolcha (D:10)
  A centaur warrior (D:13)
  3 hydras
  Erica (Lair:2)
  An orc high priest (D:12)
  3 skeletal warriors
  A deep troll (D:11)
  3 hill giants
  A deep elf mage (D:10)
  3 orc knights
  A cyclops (D:12)
  An orc sorcerer (Orc:1)
  An ugly thing (D:11)
  A black mamba (shapeshifter) (D:11)
  4 black mambas
  5 elephants (Lair:4)
  9 spiny frogs
  A kobold demonologist (D:11)
  6 komodo dragons
  A rime drake (Lair:1)
  5 trolls
  5 hippogriffs
  2 dream sheep (D:9)
  12 blink frogs
  A two-headed ogre (Orc:1)
  Prince Ribbit (D:5)
  2 shadows
  Sigmund (D:2)
  A tarantella (Lair:3)
  29 yaks
  Eustachio (D:5)
  A steam dragon (D:6)
  6 basilisks
  4 hungry ghosts
  Menkaure (D:5)
  3 mottled dragons
  4 wargs
  2 hell hounds (D:10)
  10 water moccasins
  18 orc warriors
  Purgy (Sewer)
  6 porcupines
  A sky beast (D:11)
  4 ice beasts
  3 black bears
  2 phantoms
  A hornet zombie (D:8)
  14 ogres
  4 boggarts
  An eye of draining (D:13)
  6 wolves
  A centaur (D:10)
  7 crocodiles
  7 big kobolds
  3 gnoll sergeants
  20 bullfrogs
  A scorpion (D:5)
  11 killer bees
  4 wights (D:10)
  2 howler monkeys (D:10)
  9 crimson imps
  4 bullfrog zombies
  6 hounds
  5 centaur zombies
  2 jellies
  19 orc priests
  20 orc wizards
  A bullfrog skeleton (D:12)
  3 centaur skeletons
  4 iguanas
  8 worker ants
  2 hell rats
  A hound skeleton (D:8)
  3 worker ant zombies
  Robin (D:3)
  7 gnolls
  A howler monkey skeleton (D:5)
  15 adders
  3 river rats (Lair:5)
  4 shadow imps
  2 oozes
  4 worms
  3 dart slugs
  6 leopard geckos
  84 orcs
  A ball python (D:5)
  7 giant cockroaches
  22 goblins
  7 hobgoblins
  24 jackals
  23 kobolds
  5 quokkas
  9 bats
  4 frilled lizards
  A leopard gecko skeleton (D:4)
  A leopard gecko zombie (D:8)
  20 rats
600 creatures vanquished.

Vanquished Creatures (collateral kills)
  An ugly thing (D:12)
  4 orc warriors
  A boggart (D:11)
  A crocodile (Lair:1)
  2 gnoll sergeants (D:12)
  A killer bee (D:7)
  An orc priest (D:12)
  2 gnolls (D:12)
  4 orcs
17 creatures vanquished.

Vanquished Creatures (others)
  3 blink frogs (Lair:2)
  An orc (Orc:1)
  8 fungi
  6 plants
18 creatures vanquished.

Grand Total: 635 creatures vanquished

Notes
Turn   | Place    | Note
-------+----------+-------------------------------------------
     0 | D:1      | equalderp2856 the Felid Fighter began the quest for the Orb.
     0 | D:1      | Reached XP level 1. HP: 10/10 MP: 2/2
    71 | D:1      | Reached XP level 2. HP: 14/14 MP: 3/3
   531 | D:1      | Reached XP level 3. HP: 17/17 MP: 4/4
   887 | D:2      | Reached skill level 1 in Stealth
  1284 | D:2      | Reached XP level 4. HP: 21/21 MP: 5/5
  1369 | D:2      | Noticed Sigmund
  1378 | D:2      | Killed Sigmund
  1378 | D:2      | Reached skill level 5 in Dodging
  1378 | D:2      | Reached skill level 5 in Unarmed Combat
  1378 | D:2      | Reached XP level 5. HP: 24/24 MP: 6/6
  1502 | D:2      | Reached skill level 6 in Unarmed Combat
  2093 | D:3      | Found an iron altar of Okawaru.
  2453 | D:3      | Gained mutation: You are covered in thick fur. (AC +2) [Felid growth]
  2453 | D:3      | Reached XP level 6. HP: 28/28 MP: 7/7
  3098 | D:3      | Noticed Robin
  3259 | D:3      | Killed Robin
  4186 | D:4      | Found a glowing drain.
  4192 | Sewer    | Entered a sewer
  4339 | Sewer    | Noticed Purgy
  4341 | Sewer    | Killed Purgy
  4584 | D:4      | Reached skill level 5 in Stealth
  4584 | D:4      | Reached skill level 7 in Unarmed Combat
  4584 | D:4      | Reached XP level 7. HP: 31/31 MP: 8/8
  5058 | D:4      | Found a burning altar of Makhleb.
  5455 | D:5      | Entered Level 5 of the Dungeon
  5717 | D:5      | Noticed Menkaure
  5810 | D:5      | Found a bloodstained altar of Trog.
  5940 | D:5      | Reached skill level 1 in Spellcasting
  6394 | D:5      | Found a staircase to the Ecumenical Temple.
  6404 | Temple   | Entered the Ecumenical Temple
  6660 | D:5      | Noticed Prince Ribbit
  6795 | D:5      | Noticed Eustachio
  6837 | D:5      | Killed Prince Ribbit
  6837 | D:5      | Reached XP level 8. HP: 18/34 MP: 8/15
  7063 | D:5      | Killed Menkaure
  7121 | D:5      | Killed Eustachio
  7121 | D:5      | Reached skill level 5 in Spellcasting
  8159 | D:6      | Found a sparkling altar of Nemelex Xobeh.
  9057 | D:7      | Found a shattered altar of Ashenzari.
  9167 | D:7      | Reached XP level 9. HP: 22/40 MP: 14/19
  9195 | D:7      | Reached skill level 5 in Fighting
  9855 | D:7      | Noticed a manticore
 11158 | D:8      | Found a glowing golden altar of the Shining One.
 11778 | D:8      | Learned a level 2 spell: Throw Frost
 12205 | D:9      | Reached skill level 1 in Conjurations
 12245 | D:9      | Reached skill level 1 in Ice Magic
 12501 | D:9      | Found a sacrificial altar of Ru.
 12855 | D:9      | Reached XP level 10. HP: 49/49 MP: 20/20
 13665 | D:9      | Noticed a two-headed hydra
 14003 | D:9      | Killed a two-headed hydra
 14285 | D:9      | Found an opulent altar of Gozag.
 14291 | D:9      | Found a shadowy altar of Dithmenos.
 14826 | D:10     | Entered Level 10 of the Dungeon
 15161 | D:10     | Noticed Erolcha
 15164 | D:10     | Killed Erolcha
 15164 | D:10     | Reached skill level 5 in Conjurations
 15164 | D:10     | Reached skill level 5 in Ice Magic
 15817 | D:11     | Found Xixiceac's Island Escapes.
 15946 | D:11     | Reached XP level 11. HP: 41/53 MP: 19/21
 16978 | D:11     | Noticed a cyan ugly thing
 18785 | D:11     | Found a staircase to the Lair.
 18853 | D:11     | Killed a cyan ugly thing
 19230 | D:12     | Reached skill level 8 in Unarmed Combat
 19450 | D:12     | Noticed a skeletal warrior
 19453 | D:12     | Noticed a skeletal warrior
 19472 | D:12     | Noticed a fire crab
 19515 | D:12     | Noticed a four-headed hydra
 19536 | D:12     | Killed a four-headed hydra
 19661 | D:12     | Noticed a yaktaur captain
 19674 | D:12     | Killed a yaktaur captain
 19840 | D:12     | Noticed a green ugly thing
 19841 | D:12     | Noticed a tengu reaver
 19916 | D:11     | HP: 2/53 [black mamba (shapeshifter) (8)]
 19919 | D:10     | Slain by a troll
 19920 | D:10     | Reached XP level 10. HP: -3/49 MP: 0/20
 20435 | D:10     | Noticed a hill giant
 20993 | D:10     | HP: 2/49 [orc warrior/flail (7)]
 21364 | D:10     | Reached skill level 9 in Unarmed Combat
 21654 | D:10     | Killed a hill giant
 21723 | D:11     | Killed a black mamba
 21723 | D:11     | Reached XP level 11. HP: 18/53 MP: 6/22
 22331 | Lair:1   | Entered Level 1 of the Lair of Beasts
 22818 | Lair:1   | Found a glowing silver altar of Zin.
 23955 | Lair:2   | Noticed Erica
 25560 | Lair:2   | Noticed a four-headed hydra
 25562 | Lair:2   | Found a staircase to the Swamp.
 25791 | Lair:1   | Killed a four-headed hydra
 25791 | Lair:1   | Reached skill level 10 in Unarmed Combat
 26864 | Lair:1   | Identified a scroll of acquirement
 27482 | Lair:2   | Killed Erica
 27927 | Lair:2   | Gained mutation: Your thick and shaggy fur keeps you warm. (AC +3, rC+) [Felid growth]
 27927 | Lair:2   | Reached XP level 12. HP: 39/57 MP: 17/24
 28538 | Lair:3   | HP: 2/57 [yak (13)]
 28840 | Lair:2   | Reached skill level 11 in Unarmed Combat
 28990 | Lair:3   | Found a hole to the Spider Nest.
 29595 | Lair:3   | Learned a level 4 spell: Throw Icicle
 31173 | Lair:4   | Learned a level 4 spell: Summon Ice Beast
 31858 | Lair:4   | Noticed Nergalle
 32060 | Lair:5   | Reached skill level 1 in Summonings
 32618 | Lair:5   | Noticed a catoblepas
 32924 | Lair:4   | Noticed Rupert
 33521 | Lair:4   | Found a runed door.
 34117 | D:13     | Noticed a centaur warrior
 34118 | D:13     | Killed a centaur warrior
 34287 | D:13     | Reached XP level 13. HP: 60/60 MP: 25/25
 34323 | D:13     | Reached skill level 5 in Summonings
 35054 | D:12     | Noticed a stone giant
 36091 | D:12     | HP: 3/60 [tengu reaver/battleaxe of chopping (2)]
 36093 | D:11     | Killed from afar by a tengu reaver
 36094 | D:11     | Reached XP level 12. HP: -8/57 MP: 0/24
 36134 | D:11     | Killed a tengu reaver
 36475 | D:12     | Killed a stone giant
 37522 | D:12     | Noticed a vampire knight
 37740 | D:12     | Found a staircase to the Orcish Mines.
 38696 | Orc:1    | Entered Level 1 of the Orcish Mines
 38696 | Orc:1    | Found a radiant altar of Vehumet.
 39142 | Orc:1    | Noticed an orc high priest
 39184 | D:12     | Reached skill level 12 in Unarmed Combat
 39235 | D:12     | Paralysed by a vampire knight for 6 turns
 39241 | D:12     | Slain by a vampire knight
 39242 | D:12     | Reached XP level 11. HP: -1/54 MP: 0/24
 39604 | D:11     | Killed a skeletal warrior
 40010 | D:11     | Noticed a cyan ugly thing
 40253 | D:11     | Noticed a deep troll
 40660 | D:11     | Killed a deep troll
 40891 | D:10     | Killed a skeletal warrior
 40987 | D:10     | Noticed a deep elf mage
 40991 | D:10     | Killed a deep elf mage
 41162 | Orc:1    | Noticed a sixfirhy
 41638 | D:12     | Killed an orc high priest
 41638 | D:12     | Reached XP level 12. HP: 57/58 MP: 5/25
 42685 | Orc:1    | Found Rubuv's Antique Weapon Boutique.
 42789 | Orc:1    | Found a roughly hewn altar of Beogh.
 43012 | Orc:2    | Entered Level 2 of the Orcish Mines
 43408 | Orc:2    | Noticed an orc warlord
 44986 | Orc:1    | Killed from afar by an orc priest

Skill      XL: |  1  2  3  4  5  6  7  8  9 10 11 12 13 |
---------------+----------------------------------------+-----
Stealth        | 1 3 4 5 6 7 |  7.2
Dodging        | 5 8 9 |  9.2
Unarmed Combat | 5 6 7 9 10 12 | 12.2
Spellcasting   | 4 6 7 8 |  8.6
Fighting       | 4 9 |  9.7
Conjurations   | 1 6 8 |  8.8
Ice Magic      | 1 6 8 |  8.9
Summonings     | 8 6 |  8.4
Evocations     | |  0.9

Action                   |  1- 3 |  4- 6 |  7- 9 | 10-12 | 13-15 || total
-------------------------+-------+-------+-------+-------+-------++-------
Melee: Unarmed           |    98 |   159 |   502 |  1603 |    79 ||  2441
       Bite              |     9 |     5 |    54 |   177 |     9 ||   254
       Punch             |     3 |     2 |    18 |    91 |     7 ||   121
 Cast: Throw Frost       |       |       |       |   195 |    10 ||   205
       Summon Ice Beast  |       |       |       |    80 |       ||    80
       Throw Icicle      |       |       |       |   189 |    25 ||   214
Evoke: Wand              |       |       |     4 |     8 |       ||    12
  Use: Scroll            |       |       |    12 |    16 |     4 ||    32
       Potion            |       |       |       |    13 |       ||    13
 Stab: Sleeping          |     5 |    13 |    13 |    17 |     3 ||    51
       Distracted        |     1 |       |     1 |     5 |       ||     7
  Eat: Chunk             |       |     8 |    20 |   112 |     5 ||   145
       Pizza             |       |       |       |     5 |       ||     5
Armor: Skin              |     3 |     8 |    46 |   131 |     4 ||   192
Dodge: Dodged            |    88 |   118 |   420 |  1599 |    49 ||  2274
